 Dungeon Crawl Stone Soup version 0.19-a0-1254-gb9c29c0 (webtiles) character file.

115858 Gorice the Bewitcher (level 17, -15/102 HPs)
             Began as a Kobold Enchanter on Aug 25, 2016.
             Was the Champion of Okawaru.
             Demolished by Aizul (47 damage)
             ... on level 2 of the Snake Pit on Aug 27, 2016.
             The game lasted 04:23:14 (41520 turns).

Gorice the Bewitcher (Kobold Enchanter)            Turns: 41520, Time: 04:23:15

Health: -15/102    AC: 13    Str:  9    XL:     17   Next: 24%
Magic:  10/33      EV: 31    Int: 18    God:    Okawaru [******]
Gold:   3185       SH: 12    Dex: 16    Spells: 8 memorised, 20 levels left

rFire  + . .     SeeInvis .     e - +2 short sword (elec)
rCold  . . .     Gourm    .     p - +3 leather armour {rF+}
rNeg   . . .     Faith    .     y - +6 buckler of Catatonia {rElec rPois}
rPois  +         Spirit   .     q - +0 helmet
rElec  +         Dismiss  .     n - +0 cloak
rCorr  +         Reflect  .     V - +0 pair of gloves
MR     +....     Harm     .     X - +2 pair of boots {Fly}
Stlth  ++++++....               d - amulet of regeneration
                                c - ring "Neyzxua" {rCorr rPois}
                                R - ring of wizardry

@: heroism, flying, very slightly contaminated, hasted (expiring), very quick
A: carnivore 3
a: Heroism, Finesse, Renounce Religion, Stop Flying


You were on level 2 of the Snake Pit.
You worshipped Okawaru.
Okawaru was exalted by your worship.
You were very full.

You visited 5 branches of the dungeon, and saw 26 of its levels.
You also visited: Labyrinth, Sewer, Ossuary and Volcano.

You collected 3971 gold pieces.
You spent 786 gold pieces at shops.

Inventory:

Hand Weapons
 a - a +2 dagger of speed
   (Okawaru gifted it to you on level 15 of the Dungeon)
 b - a +1 hunting sling of velocity
   (Okawaru gifted it to you on level 4 of the Lair of Beasts)
 e - a +2 short sword of electrocution (weapon)
   (You took it off an orc warrior on level 1 of the Orcish Mines)
 f - a +4 scimitar of flaming
   (You took it off an efreet on level 14 of the Dungeon)
 h - a +1 long sword of electrocution
   (You found it on level 1 of the Snake Pit)
 B - a +0 blowgun
Missiles
 r - 156 sling bullets
 z - 19 tomahawks (quivered)
 U - 9 curare-tipped needles
Armour
 i - the +0 buckler of Unambiguity {+Fly MR+}
   (Okawaru gifted it to you on level 6 of the Lair of Beasts)

   It affects your resistance to hostile enchantments.
   It lets you fly.
 k - a cursed -1 robe
 n - a +0 cloak (worn)
 p - a +3 leather armour of fire resistance (worn)
   (You found it in a volcano)
 q - a +0 helmet (worn)
 y - the +6 buckler of Catatonia (worn) {rElec rPois}
   (Okawaru gifted it to you on level 1 of the Snake Pit)

   It insulates you from electricity.
   It protects you from poison.
 V - a +0 pair of gloves (worn)
 X - a +2 pair of boots of flying (worn)
   (Okawaru gifted it to you on level 1 of the Lair of Beasts)
Jewellery
 c - the ring "Neyzxua" (right hand) {rCorr rPois}
   (You bought it in a shop on level 8 of the Dungeon)

   [ring of resist corrosion]

   It protects you from poison.
 d - an amulet of regeneration (around neck)
 m - an uncursed ring of see invisible
 P - the ring of the Cockatrice {rPois rN+++ MR- Str+2}
   (You found it on level 12 of the Dungeon)

   [ring of strength]

   It affects your strength (+2).
   It protects you from poison.
   It renders you almost immune to negative energy.
   It affects your resistance to hostile enchantments.
 Q - an uncursed ring of protection from fire
 R - a ring of wizardry (left hand)
Wands
 j - a wand of hasting (7/9) {!d}
 s - a wand of iceblast (6/15)
 t - a wand of digging (11/24)
 u - a wand of paralysis (8/24)
 G - a wand of acid (9/15)
 H - a wand of acid (5/15)
 I - a wand of enslavement (12/24)
 L - a wand of disintegration (8/24)
Scrolls
 g - 5 scrolls of identify
 o - 4 scrolls of blinking
 v - 3 scrolls of fog
 E - 2 scrolls of fear {!r}
 F - 5 scrolls of remove curse
 N - 4 scrolls of teleportation {!r}
Potions
 w - 7 potions of might {!q}
 x - 7 potions of curing
 A - 4 potions of cancellation {!q}
 D - 4 potions of agility {!q}
 J - 2 potions of invisibility {!q}
Comestibles
 l - 9 meat rations {!e}
 M - 8 beef jerkies


   Skills:
 - Level 10.0(15.0) Fighting
 - Level 10.0(15.0) Short Blades
 - Level 16.0(21.0) Dodging
 - Level 8.0(13.0) Stealth
 + Level 0.0(5.0) Shields
 - Level 12.0 Spellcasting
 - Level 17.0 Hexes
 + Level 2.0 Translocations
 - Level 8.0 Invocations


You had 20 spell levels left.
You knew the following spells:

 Your Spells              Type           Power        Failure   Level  Hunger
a - Corona                Hex            ######.      0%          1    None
b - Confuse               Hex            ######..     1%          3    None
c - Ensorcelled Hibernat  Hex/Ice        #####.       1%          2    None
d - Tukima's Dance        Hex            ######..     1%          3    None
e - Dazzling Spray        Conj/Hex       #####.       1%          3    None
f - Cause Fear            Hex            ######....   1%          4    ##.....
A - Apportation           Tloc           ###.......   1%          1    None
R - Regeneration          Chrm/Necr      ##........   12%         3    None


Dungeon Overview and Level Annotations

Branches:
Dungeon (15/15)            Temple (1/1) D:4            Lair (6/6) D:10
 Shoals (0/4) Lair:2        Snake (2/4) Lair:2        Slime (0/5) Lair:5
    Orc (2/2) D:10            Elf (0/3) Orc:2        Vaults (0/5) D:14
 Depths (0/5) D:15

Altars:
Ashenzari
Cheibriados
Dithmenos
Elyvilon
Fedhas
Gozag
Hepliaklqana
Kikubaaqudgha
Makhleb
Nemelex Xobeh
Okawaru
Qazlal
Ru
Sif Muna
Trog
Uskayaw
Vehumet
Xom
Yredelemnul
Zin
The Shining One
Beogh

Shops:
D:7 }   D:8 =*%   D:11 %   Orc:2 (:[*

Portals:
Trove: D:10 (give 4 potions of cure mutation)

Annotations:
Lair:6 pUX...
Snake:2 Aizul


Innate Abilities, Weirdness & Mutations

You are small and have problems with some larger weapons.
You are carnivorous and can eat meat at any time.


Message History

The salamander mystic resists with significant effort.
You feel sick.
The salamander hits you from afar with a trident!
* * * LOW HITPOINT WARNING * * *
You are engulfed in flames.
You resist.
* * * LOW HITPOINT WARNING * * *
You block the salamander mystic's attack.
Aizul casts a spell at you.
You fall asleep.
The salamander hits you from afar with a spear.
You wake up.
* * * LOW HITPOINT WARNING * * *
You are engulfed in flames!
You resist.
* * * LOW HITPOINT WARNING * * *
Damage: 32 (max 32) Unknown command.
You feel sick.
Damage: 1 (max 32)
You hit the salamander mystic.
The salamander mystic is lightly wounded.
Casting: Tukima's Dance
Confirm with . or Enter, or press ? or * to list all spells.
Aiming: Confuse
Press: ? - help, Shift-Dir - straight line, f/p - salamander mystic
Aim: a salamander mystic, wielding a dagger and wearing a robe (lightly wounded, chance to defeat MR: 45%)
The salamander mystic appears confused.
You feel sick. You block the salamander's attack.
You feel sick.
Damage: 1 (max 32)
You feel sick.
The salamander mystic closely misses the salamander.
You block the salamander's attack.
You feel sick.
Damage: 1 (max 32)
You feel sick.
You feel sick.
Your extra speed is starting to run out.
You feel sick. Aizul casts a spell at you. The bolt of poison hits you!
You resist.
* * * LOW HITPOINT WARNING * * *
The salamander mystic hits the salamander with a dagger.
The salamander is engulfed in flames.
The salamander completely resists.
Damage: 7 (max 32)
You feel better. Aizul casts a spell at you.
You fall asleep.
Your hands slow down.
Aizul hits you!!!
You wake up.
You die...

##...........
##...#
##).........
##..#
##..........
##..##
#..#........
##..##
.######.....
###.N## ##
.... ##.N.##
# ###
###.N.##
###..S###
######...@##
##.......###
##.....####
#...####
#..## ##.[#
##..## ##..##
#...#


You could see Aizul, a salamander mystic (confused) and 2 salamanders.

Vanquished Creatures
  An orc warlord (Orc:2)
  2 dire elephants
  Snorg (Lair:6)
  A minotaur (Lab)
  An ogre mage (D:12)
  Fannar (Orc:1)
  6 hydras
  An ice dragon (D:14)
  4 naga warriors
  A merfolk avatar (Lair:6)
  3 centaur warriors
  9 anacondas
  2 tengu warriors
  2 death yaks
  An orc high priest (Orc:1)
  A shock serpent (Snake:1)
  3 naga sharpshooters (Snake:1)
  2 salamander mystics (Snake:2)
  A sea snake (Lair:6)
  3 skeletal warriors
  An unseen horror (D:12)
  A deep troll (D:14)
  A naga ritualist (Snake:1)
  7 hill giants
  Pikel (D:6)
  2 lindwurms
  3 griffons
  A wolf spider (D:15)
  5 orc knights
  A deep elf mage (D:15)
  2 mana vipers
  A manticore (shapeshifter) (D:10)
  2 orc sorcerers (Orc:1)
  5 ugly things
  A faun (D:12)
  6 cyclopes
  2 manticores
  6 salamanders
  2 hornets
  5 elephants (Lair:6)
  Maurice (D:9)
  A siren (Lair:2)
  3 guardian serpents
  11 naga magi
  3 centaur zombies
  Psyche (D:8)
  20 black mambas
  A molten gargoyle (Volcano)
  5 gargoyles
  An efreet (D:14)
  13 spiny frogs
  5 rime drakes
  16 komodo dragons
  8 trolls
  2 polar bears (Lair:6)
  4 wind drakes (Lair:6)
  A wolf spider simulacrum (D:14)
  2 slime creatures (D:15)
  Prince Ribbit (D:7)
  6 two-headed ogres
  9 blink frogs
  7 dream sheep (Lair:6)
  A meliai zombie (D:15)
  A spriggan (D:7)
  2 fire elementals (Volcano)
  33 yaks
  Sigmund (D:6)
  A vampire (D:15)
  A wraith (D:12)
  4 wyverns
  A steam dragon (D:8)
  2 basilisks
  A basilisk (shapeshifter) (D:14)
  6 hungry ghosts
  6 vampire mosquitoes (D:13)
  A hippogriff (shapeshifter) (D:15)
  9 hippogriffs
  17 nagas
  6 wargs
  A soldier ant (D:15)
  A soldier ant (shapeshifter) (D:15)
  22 water moccasins
  3 ice beasts
  8 porcupines
  A phantom (D:7)
  2 black bears
  28 orc warriors
  3 sky beasts
  2 eyes of draining
  6 wasps
  6 wolves
  18 ogres
  22 crocodiles
  4 big kobolds
  17 centaurs
  A wyvern zombie (D:15)
  20 giant frogs
  8 scorpions
  4 wights
  6 killer bees (D:9)
  9 howler monkeys
  A vampire bat (D:5)
  5 electric eels
  8 crimson imps
  3 giant frog zombies
  22 orc priests
  6 jellies
  2 giant frog skeletons
  8 hounds
  24 orc wizards
  A gnoll shaman (D:9)
  6 centaur skeletons
  4 iguanas
  10 worker ants
  3 hound skeletons
  4 hound zombies
  8 mummies (Ossuary)
  2 worker ant zombies
  4 gnolls (D:9)
  17 adders
  32 river rats
  A shadow imp (D:10)
  8 oozes
  An adder zombie (D:5)
  4 worms
  2 dart slugs
  10 giant geckos
  87 orcs
  15 ball pythons
  16 bats
  11 giant cockroaches
  8 goblins
  9 hobgoblins
  14 jackals
  8 quokkas
  A giant gecko zombie (D:7)
  15 giant newts
  A gnoll zombie (Ossuary)
  5 hobgoblin zombies (Ossuary)
  A jackal skeleton (D:5)
  A jackal zombie (D:5)
  40 kobolds
  2 orc zombies (Ossuary)
  A quokka zombie (D:5)
  13 rats
951 creatures vanquished.

Vanquished Creatures (collateral kills)
  An ogre mage (Orc:1)
  2 skeletal warriors
  A hill giant (D:12)
  5 two-headed ogres
  9 nagas
  3 orc warriors
  7 ogres
  An orc (D:10)
29 creatures vanquished.

Vanquished Creatures (others)
  6 dancing weapons
  An orc priest (Orc:2)
  2 adders (Snake:1)
  3 orcs
  4 fungi (Lair:6)
  18 plants (Lair:6)
34 creatures vanquished.

Grand Total: 1014 creatures vanquished

Notes
Turn   | Place    | Note
-------+----------+-------------------------------------------
     0 | D:1      | Gorice the Kobold Enchanter began the quest for the Orb.
     0 | D:1      | Reached XP level 1. HP: 10/10 MP: 3/3
   122 | D:1      | Reached skill level 2 in Short Blades
   122 | D:1      | Reached XP level 2. HP: 8/15 MP: 1/5
   820 | D:1      | HP: 4/15 [goblin (3)]
   847 | D:1      | Reached XP level 3. HP: 5/19 MP: 3/6
  1265 | D:1      | Learned a level 3 spell: Confuse
  1591 | D:2      | Reached skill level 3 in Short Blades
  1802 | D:2      | Reached XP level 4. HP: 8/24 MP: 5/7
  1819 | D:2      | HP: 5/24 [quokka (5)]
  2570 | D:2      | Reached skill level 4 in Hexes
  3116 | D:3      | Reached skill level 4 in Short Blades
  3195 | D:3      | Reached XP level 5. HP: 28/28 MP: 6/8
  3839 | D:4      | Found a staircase to the Ecumenical Temple.
  3856 | Temple   | Entered the Ecumenical Temple
  3965 | Temple   | Became a worshipper of Warmaster Okawaru
  4050 | D:4      | Reached skill level 5 in Short Blades
  4055 | D:4      | Reached XP level 6. HP: 17/32 MP: 3/9
  4064 | D:4      | Found a sand-covered staircase.
  4241 | Ossuary  | Entered an ossuary
  4346 | Ossuary  | Reached skill level 5 in Hexes
  4621 | Ossuary  | Reached * piety under Okawaru
  4846 | Ossuary  | Learned a level 2 spell: Ensorcelled Hibernation
  4850 | Ossuary  | Learned a level 3 spell: Tukima's Dance
  5017 | D:4      | Got a transparent flail
  5253 | D:5      | Entered Level 5 of the Dungeon
  5268 | D:5      | Reached skill level 6 in Short Blades
  5268 | D:5      | Reached XP level 7. HP: 36/36 MP: 10/10
  5434 | D:5      | Reached skill level 6 in Hexes
  5863 | D:5      | Reached ** piety under Okawaru
  5910 | D:5      | Reached XP level 8. HP: 19/41 MP: 4/11
  6175 | D:5      | Reached skill level 7 in Hexes
  6187 | D:5      | Reached skill level 7 in Short Blades
  6354 | D:5      | Found a shadowy altar of Dithmenos.
  6447 | D:5      | Found a shimmering altar of Xom.
  6776 | D:6      | Noticed Pikel
  6777 | D:6      | Found a stormy altar of Qazlal.
  6849 | D:6      | Killed Pikel
  6849 | D:6      | Reached *** piety under Okawaru
  6849 | D:6      | Reached skill level 8 in Short Blades
  6849 | D:6      | Reached skill level 8 in Hexes
  6849 | D:6      | Reached XP level 9. HP: 29/45 MP: 2/12
  6956 | D:6      | Reached skill level 9 in Hexes
  7031 | D:6      | Upgraded the game from 0.19-a0-1225-gf887c1c to 0.19-a0-1254-gb9c29c0
  7100 | D:6      | Found a radiant altar of Vehumet.
  7123 | D:6      | Noticed Sigmund
  7132 | D:6      | Killed Sigmund
  7259 | D:6      | Found a glowing drain.
  7273 | D:6      | Reached skill level 5 in Stealth
  7288 | Sewer    | Entered a sewer
  7366 | Sewer    | Identified the +8 flail of the Spectre {crush, +Blink Int+4} (You found it on level 4 of the Dungeon)
  7406 | Sewer    | HP: 13/45 [giant gecko (2)]
  7412 | Sewer    | HP: 11/45 [giant newt (3)]
  7417 | Sewer    | HP: 10/45 [poisoned by an adder]
  8616 | D:7      | Reached skill level 10 in Hexes
  8642 | D:7      | Reached skill level 6 in Stealth
  8686 | D:7      | Found Unliejer's Gadget Shop.
  9136 | D:7      | Got a serpentine emerald amulet
  9137 | D:7      | Identified the amulet of Egalitarianism {Dismiss MR+ Int-5 Dex+3} (You found it on level 7 of the Dungeon)
  9390 | D:7      | Reached **** piety under Okawaru
  9471 | D:7      | Found a basalt altar of Yredelemnul.
  9521 | D:7      | Noticed a troll
  9536 | D:7      | Killed a troll
  9536 | D:7      | Reached skill level 7 in Stealth
  9536 | D:7      | Reached XP level 10. HP: 50/50 MP: 8/13
  9683 | D:7      | Reached skill level 11 in Hexes
  9749 | D:7      | Noticed Prince Ribbit
  9985 | D:7      | Killed Prince Ribbit
 10078 | D:7      | Reached skill level 8 in Stealth
 10235 | D:7      | Reached skill level 1 in Invocations
 10438 | D:8      | Found Qixiy's Jewellery Emporium.
 10477 | D:8      | Reached skill level 2 in Invocations
 10501 | D:8      | Learned a level 4 spell: Cause Fear
 10568 | D:8      | Found an ancient bone altar of Kikubaaqudgha.
 10647 | D:8      | Found Umniropt's Food Boutique.
 10889 | D:8      | Reached skill level 9 in Short Blades
 11176 | D:8      | Found Ceasm's General Store.
 11409 | D:8      | Noticed Psyche
 11425 | D:8      | Killed Psyche
 11425 | D:8      | Received a gift from Okawaru
 11541 | D:9      | Found a snail-covered altar of Cheibriados.
 11657 | D:9      | Noticed Maurice
 11669 | D:9      | Killed Maurice
 11720 | D:9      | Found a bloodstained altar of Trog.
 11722 | D:9      | Reached skill level 12 in Hexes
 11795 | D:9      | Reached skill level 10 in Short Blades
 12186 | D:9      | Reached skill level 1 in Fighting
 12251 | D:9      | Found a glowing silver altar of Zin.
 12294 | D:9      | Reached skill level 2 in Fighting
 12517 | D:9      | Found a deep blue altar of Sif Muna.
 12550 | D:9      | Reached XP level 11. HP: 59/59 MP: 3/14
 12558 | D:9      | Reached skill level 3 in Fighting
 12723 | D:8      | Reached ***** piety under Okawaru
 12731 | D:8      | Reached skill level 4 in Fighting
 13189 | D:9      | Learned a level 1 spell: Apportation
 13191 | D:10     | Entered Level 10 of the Dungeon
 13264 | D:10     | Reached skill level 5 in Fighting
 13393 | D:9      | Reached skill level 6 in Fighting
 13508 | D:10     | Noticed Erica
 13523 | D:10     | HP: 16/64 [Erica/bolt of poison (14)]
 13524 | D:10     | HP: 5/64 [Erica/orb of energy (20)]
 13975 | D:10     | Noticed Erica
 13975 | D:10     | Erica changed into Erica the manticore
 13982 | D:10     | Killed Erica the manticore
 14340 | D:9      | Reached skill level 7 in Fighting
 14546 | D:10     | Found a staircase to the Orcish Mines.
 14562 | D:10     | Noticed a manticore
 14801 | D:9      | HP: 15/67 [two-headed ogre/giant club (9)]
 15063 | D:10     | Killed a manticore
 15144 | D:10     | Reached skill level 8 in Fighting
 15301 | D:10     | Reached skill level 13 in Hexes
 15547 | D:10     | Found a staircase to the Lair.
 16073 | D:10     | Noticed a four-headed hydra
 16387 | D:10     | Found a portal to a secret trove of treasure.
 16507 | D:10     | Killed a four-headed hydra
 16507 | D:10     | Reached ****** piety under Okawaru
 16507 | D:10     | Reached skill level 9 in Fighting
 16507 | D:10     | Reached XP level 12. HP: 58/76 MP: 4/15
 16725 | Lair:1   | Entered Level 1 of the Lair of Beasts
 16807 | Lair:1   | Received a gift from Okawaru
 17013 | D:8      | Bought the ring "Neyzxua" {rCorr rPois} for 374 gold pieces
 17013 | D:8      | Bought an uncursed amulet of regeneration for 360 gold pieces
 17387 | Lair:1   | Reached skill level 10 in Fighting
 17785 | Lair:2   | Reached skill level 3 in Dodging
 17824 | Lair:2   | Found a staircase to the Snake Pit.
 17979 | Lair:2   | Reached skill level 4 in Dodging
 18155 | Lair:2   | Noticed a five-headed hydra
 18166 | Lair:2   | Killed a five-headed hydra
 18166 | Lair:2   | Reached skill level 5 in Dodging
 18349 | Lair:2   | Found a staircase to the Shoals.
 18535 | Lair:2   | Reached skill level 6 in Dodging
 18971 | Lair:3   | Reached skill level 7 in Dodging
 19355 | Lair:3   | Reached skill level 8 in Dodging
 19595 | Lair:3   | Reached skill level 14 in Hexes
 20105 | Lair:4   | Reached XP level 13. HP: 82/82 MP: 16/16
 20172 | Lair:4   | Reached skill level 9 in Dodging
 20256 | Lair:4   | Got a thick robe
 20480 | Lair:4   | Noticed a four-headed hydra
 20612 | Lair:4   | Killed a four-headed hydra
 20612 | Lair:4   | Received a gift from Okawaru
 20612 | Lair:4   | Reached skill level 10 in Dodging
 21275 | Lair:4   | Identified the +1 robe of Loleamyo {rPois MR- rCorr} (You found it on level 4 of the Lair of Beasts)
 21831 | Lair:5   | Found a staircase to the Slime Pits.
 21836 | Lair:5   | Reached skill level 11 in Dodging
 22044 | Lair:6   | Entered Level 6 of the Lair of Beasts
 22256 | Lair:6   | Noticed a four-headed hydra
 22279 | Lair:6   | Killed a four-headed hydra
 22502 | Lair:6   | Noticed Snorg
 22529 | Lair:6   | Killed Snorg
 22576 | Lair:6   | Reached skill level 12 in Dodging
 22708 | Lair:6   | Found a dark tunnel.
 22722 | Volcano  | Entered a volcano
 23584 | Lair:6   | Reached skill level 15 in Hexes
 23608 | Lair:6   | Received a gift from Okawaru
 23623 | Lair:6   | Got a jasper-studded scale mail {god gift}
 23644 | Lair:6   | Noticed a merfolk avatar
 23875 | Lair:6   | Reached skill level 13 in Dodging
 24008 | Lair:6   | Reached XP level 14. HP: 88/88 MP: 14/17
 25018 | Lair:6   | Reached skill level 14 in Dodging
 25870 | Lair:6   | Noticed a dire elephant
 25897 | Lair:6   | Killed a dire elephant
 26152 | Lair:6   | Received a gift from Okawaru
 26152 | Lair:6   | Reached skill level 15 in Dodging
 26153 | Lair:6   | Got a pitted buckler {god gift}
 26159 | Lair:6   | Identified the +0 buckler of Unambiguity {+Fly MR+} (Okawaru gifted it to you on level 6 of the Lair of Beasts)
 27089 | Lair:1   | Identified the +5 scale mail "Gesodak" {*Confuse rF+ rN+ rCorr} (Okawaru gifted it to you on level 6 of the Lair of Beasts)
 27109 | Lair:1   | Learned a level 3 spell: Dazzling Spray
 27140 | Orc:1    | Entered Level 1 of the Orcish Mines
 27599 | Orc:2    | Entered Level 2 of the Orcish Mines
 27599 | Orc:2    | Found a staircase to the Elven Halls.
 28582 | Orc:2    | HP: 25/88 [smoke demon/divine providence[an orc high priest] (14)]
 28591 | Orc:2    | HP: 14/88 [smoke demon/divine providence[an orc high priest] (14)]
 28594 | Orc:2    | Noticed an orc warlord
 28596 | Orc:2    | HP: 26/88 [orc priest/divine providence[an orc warlord] (11)]
 28596 | Orc:2    | HP: 12/88 [smoke demon/divine providence[an orc high priest] (14)]
 28597 | Orc:2    | HP: 5/88 [orc warrior/mace (1)]
 28617 | Orc:1    | Noticed Fannar
 28911 | Orc:1    | Killed Fannar
 28911 | Orc:1    | Reached skill level 16 in Dodging
 29090 | Orc:1    | Reached XP level 15. HP: 62/92 MP: 0/18
 29265 | Orc:1    | Reached skill level 16 in Hexes
 29514 | Orc:1    | Reached skill level 3 in Spellcasting
 30009 | Orc:1    | Reached skill level 4 in Spellcasting
 30166 | Orc:1    | Identified the Incunabulum of the Blaze and Confrontation
 30646 | Orc:2    | Killed an orc warlord
 30811 | Orc:2    | Found a roughly hewn altar of Beogh.
 30814 | Orc:2    | Found Puhigun's Book Shop.
 31090 | Orc:2    | Reached skill level 5 in Spellcasting
 31140 | Orc:2    | Found Captallaska's Antique Armour Shop.
 31206 | Orc:2    | Found Hoysosm's Antique Weapon Shop.
 31221 | Orc:2    | Found Dexotiq's General Store.
 31229 | Orc:2    | Bought a scroll of fear for 52 gold pieces
 31565 | D:11     | Found an iron altar of Okawaru.
 31607 | D:11     | Found Helop's Food Emporium.
 31861 | D:10     | HP: 17/92 [skeletal warrior[a skeletal warrior] (15)]
 32296 | D:11     | Received a gift from Okawaru
 32297 | D:11     | Got a distressingly furry scale mail {god gift}
 32612 | D:11     | Identified the +5 scale mail of Tusiffot {rC- Dex+3 Slay+5} (Okawaru gifted it to you on level 11 of the Dungeon)
 32644 | D:12     | Learned a level 3 spell: Regeneration
 32836 | D:12     | Reached skill level 6 in Spellcasting
 33025 | D:12     | Got a glittering copper ring
 33052 | D:12     | Identified the ring of the Cockatrice {rPois rN+++ MR- Str+2} (You found it on level 12 of the Dungeon)
 33141 | D:12     | Reached skill level 7 in Spellcasting
 34918 | D:14     | Reached skill level 8 in Spellcasting
 35310 | D:15     | Entered Level 15 of the Dungeon
 35338 | D:15     | Received a gift from Okawaru
 35400 | D:15     | Reached XP level 16. HP: 97/97 MP: 23/28
 35562 | D:15     | Found a labyrinth entrance.
 35601 | Lab      | Entered a labyrinth
 35758 | Lab      | Identified a -2 rod of ignition (12/12) {!a} (You took it off a minotaur in a labyrinth)
 35929 | D:14     | HP: 17/97 [cyclops/large rock (24)]
 36071 | D:14     | HP: 26/97 [wolf spider simulacrum (30)]
 36378 | D:14     | Found a sacrificial altar of Ru.
 36593 | D:14     | Reached skill level 9 in Spellcasting
 36593 | D:14     | Reached skill level 17 in Hexes
 36760 | D:14     | Found a gate to the Vaults.
 37037 | D:15     | Reached skill level 3 in Invocations
 37152 | D:15     | Found a staircase to the Depths.
 37548 | D:15     | Reached skill level 4 in Invocations
 37679 | D:15     | Reached skill level 10 in Spellcasting
 37837 | D:15     | Received a gift from Okawaru
 38259 | Snake:1  | Entered Level 1 of the Snake Pit
 38469 | Snake:1  | Reached skill level 5 in Invocations
 38496 | Snake:1  | Got a crude leather armour
 38507 | Snake:1  | Identified the cursed +1 leather armour of Ladders and Snakes {MR+} (You found it on level 1 of the Snake Pit)
 38908 | Snake:1  | Got a scorched leather armour
 39017 | Snake:1  | Reached skill level 11 in Spellcasting
 39081 | Snake:1  | Reached skill level 6 in Invocations
 39279 | Snake:1  | Found a runed gate.
 39279 | Snake:1  | Found a runed gate.
 39279 | Snake:1  | Found a runed gate.
 40098 | Snake:1  | Reached XP level 17. HP: 102/102 MP: 32/32
 40181 | Snake:1  | Identified the +1 leather armour "Kagofay" {+Blink rF+ Str-3} (You found it on level 1 of the Snake Pit)
 40416 | Snake:1  | Reached skill level 7 in Invocations
 40531 | Snake:1  | Received a gift from Okawaru
 40532 | Snake:1  | Got a shimmering buckler {god gift}
 40543 | Snake:1  | Identified the +6 buckler of Catatonia {rElec rPois} (Okawaru gifted it to you on level 1 of the Snake Pit)
 40935 | Snake:2  | Reached skill level 12 in Spellcasting
 41098 | Snake:2  | Reached skill level 1 in Translocations
 41337 | Snake:2  | Reached skill level 2 in Translocations
 41370 | Snake:2  | Reached skill level 8 in Invocations
 41430 | Snake:2  | Noticed Aizul
 41506 | Snake:2  | HP: 28/102 [salamander/spear (7)]
 41511 | Snake:2  | HP: 26/102 [poisoned by Aizul (poison arrow)]
 41516 | Snake:2  | HP: 24/102 [poisoned by Aizul (poison arrow)]
 41520 | Snake:2  | Demolished by Aizul

Vault maps used:
D:1:      minmay_arrival_shattered_statue, minmay_liquid_box
D:4:      enter_ossuary_2
D:5:      tgw_xom, grunt_dithmenos_smoke, first_bread, serial_corexii_hall,
          corexii_hall_statues_deadend, corexii_hall_statues_i,
          corexii_hall_statues_i, corexii_hall_statues_i, roderic_batcave
D:6:      nicolae_qazlal_general_emergency, gup_sewer_entry_bubbles,
          vehumet_altar_wand_db, uniq_sigmund, uniq_pikel
D:7:      yredelemnul_altar_generic, serial_shops, shop, grunt_ministairs_9,
          the_bakery, minmay_misc_feat_iff, uniq_prince_ribbit1
D:8:      kiku_gazebo_garden_becter, serial_shops, nicolae_shop_waterfront,
          nicolae_shop_crystal, shop_coins, uniq_psyche
D:9:      lemuel_coloured_pillars_altar, lemuel_blue_sif_altar,
          cheibrodos_worm_habitat, basic_altar, uniq_maurice
D:10:     erik_lair_island, david_orc_3, enter_trove_2, uniq_erica
D:11:     serial_shops, kennysheep_mini_moat, basic_altar, serial_park_tiny_2
D:12:     minmay_cut_squares, centaur_isle
D:14:     david_vaults_4, nicolae_ru_the_path_less_chosen,
          minmay_unpleasant_kobolds
D:15:     hangedman_depths_entry_try_elsewhere_first, bh_walls_and_bars,
          lab_entry_generic
Temple:   dshaligram_water_room_temple
Lair:1:   columned_hall_lemuel
Lair:2:   elwin_shoals_entry_rooms, guppyfry_snake_entry_island,
          serial_bayou_ford_a, nicolae_quartered_pool_medium,
          beast_lair_carwin_11
Lair:3:   hangedman_lair_unloving_vines, serial_bayou_shore_a
Lair:4:   st_stairs_5
Lair:5:   dpeg_slime_entry_corner
Lair:6:   gammafunk_lair_ancient_temple, enter_volcano_1, uniq_snorg
Snake:1:  nicolae_snake_squiggles, nicolae_snake_horde_hoard
Snake:2:  grunt_megastairs_3, uniq_aizul
Orc:1:    lemuel_ogre_cave, uniq_fannar
Orc:2:    grunt_orc_cross
Lab:      labyrinth_mini_lab
Sewer:    sewer_frog_island_02
Ossuary:  ossuary_tomb_3
Volcano:  volcano_aerie

Skill      XL: |  1  2  3  4  5  6  7  8  9 10 11 12 13 14 15 16 17 |
---------------+----------------------------------------------------+-----
Short Blades   | 2 3 4 5 6 8 10 | 10.0
Hexes          | 4 5 6 8 10 12 13 14 15 16 17 | 17.0
Stealth        | 7 8 |  8.0
Invocations    | 2 6 8 |  8.0
Fighting       | 2 9 10 | 10.0
Dodging        | 8 13 16 | 16.0
Spellcasting   | 8 11 12 | 12.0
Translocations | 2 |  2.0

Action                   |  1- 3 |  4- 6 |  7- 9 | 10-12 | 13-15 | 16-18 || total
-------------------------+-------+-------+-------+-------+-------+-------++-------
Melee: Dagger            |   133 |   193 |   441 |   600 |  1522 |   352 ||  3241
       Punch             |       |       |       |       |     7 |       ||     7
       Short sword       |       |       |       |       |   183 |   199 ||   382
 Fire: Hunting sling     |    15 |    55 |    24 |    52 |     6 |    11 ||   163
Throw: Stone             |       |     1 |       |       |       |       ||     1
 Cast: Corona            |    30 |    30 |    18 |    10 |     4 |       ||    92
       Confuse           |     1 |    20 |    77 |   128 |   194 |   119 ||   539
       Ensorcelled Hiber |       |       |     1 |    89 |   290 |   135 ||   515
       Tukima's Dance    |       |       |       |       |    47 |    25 ||    72
       Dazzling Spray    |       |       |       |       |     4 |     1 ||     5
       Cause Fear        |       |       |       |       |     1 |       ||     1
Invok: Heroism           |       |       |     1 |     1 |    16 |     4 ||    22
       Finesse           |       |       |       |       |       |     1 ||     1
Evoke: Wand              |       |       |     4 |       |     6 |       ||    10
  Use: Scroll            |     6 |     9 |     3 |     6 |    10 |     6 ||    40
       Potion            |       |     2 |       |     3 |     3 |     2 ||    10
 Stab: Sleeping          |     3 |     7 |    11 |    79 |   167 |    66 ||   333
       Confused          |       |     6 |    30 |    59 |   114 |    82 ||   291
       Distracted        |       |     1 |       |     4 |     7 |     2 ||    14
       Paralysed         |       |       |       |     3 |       |       ||     3
       Petrifying        |       |       |       |     1 |       |       ||     1
  Eat: Chunk             |    12 |    14 |    28 |    55 |    81 |    19 ||   209
Armor: Robe              |    29 |    45 |    97 |     7 |       |       ||   178
       Leather armour    |       |       |       |   107 |   141 |    33 ||   281
Dodge: Dodged            |   118 |   131 |   319 |   328 |  1192 |   367 ||  2455
Block: Buckler           |       |       |       |       |   173 |   122 ||   295

Table legend:
 A = Turns spent in this place as a percentage of turns spent in the entire game.
 B = Non-inter-level travel turns spent in this place as a percentage of non-inter-level travel turns spent in the entire game.
 C = Inter-level travel turns spent in this place as a percentage of turns spent in this place.
 D = Turns resting spent in this place as a percentage of non-inter-level travel turns spent in this place.
 E = Turns spent auto-exploring this place as a percentage of non-inter-level travel turns spent in this place.
 F = Non-inter-level travel turns spent in this place divided by the number of levels of this place that you've seen.
                   A       B       C       D       E      F
               +-------+-------+-------+-------+-------+----------------------
         Total | 100.0 | 100.0 |   0.5 |   3.1 |   2.6 | 631.7
       Dungeon |  49.7 |  49.7 |   0.5 |   3.1 |   3.1 | 628.0
        Temple |   0.1 |   0.1 |  10.0 |   0.0 |  61.1 |  18.0
          Lair |  21.4 |  21.4 |   0.7 |   2.8 |   2.9 | 675.0
     Snake Pit |   8.7 |   8.8 |   0.3 |   4.2 |   2.7 | 830.0
  Orcish Mines |  13.2 |  13.2 |   0.2 |   3.1 |   0.8 | 1251.0
     Labyrinth |   0.7 |   0.7 |   0.0 |   0.0 |   0.0 | 139.0
         Sewer |   2.7 |   2.7 |   0.0 |   3.3 |   0.4 | 519.0
       Ossuary |   2.3 |   2.3 |   0.0 |   1.1 |   0.0 | 439.0
       Volcano |   1.1 |   1.1 |   0.0 |   6.3 |   0.0 | 205.0
               +-------+-------+-------+-------+-------+----------------------

Vault maps used:
D:1:      minmay_arrival_shattered_statue, minmay_liquid_box
D:4:      enter_ossuary_2
D:5:      tgw_xom, grunt_dithmenos_smoke, first_bread, serial_corexii_hall,
          corexii_hall_statues_deadend, corexii_hall_statues_i,
          corexii_hall_statues_i, corexii_hall_statues_i, roderic_batcave
D:6:      nicolae_qazlal_general_emergency, gup_sewer_entry_bubbles,
          vehumet_altar_wand_db, uniq_sigmund, uniq_pikel
D:7:      yredelemnul_altar_generic, serial_shops, shop, grunt_ministairs_9,
          the_bakery, minmay_misc_feat_iff, uniq_prince_ribbit1
D:8:      kiku_gazebo_garden_becter, serial_shops, nicolae_shop_waterfront,
          nicolae_shop_crystal, shop_coins, uniq_psyche
D:9:      lemuel_coloured_pillars_altar, lemuel_blue_sif_altar,
          cheibrodos_worm_habitat, basic_altar, uniq_maurice
D:10:     erik_lair_island, david_orc_3, enter_trove_2, uniq_erica
D:11:     serial_shops, kennysheep_mini_moat, basic_altar, serial_park_tiny_2
D:12:     minmay_cut_squares, centaur_isle
D:14:     david_vaults_4, nicolae_ru_the_path_less_chosen,
          minmay_unpleasant_kobolds
D:15:     hangedman_depths_entry_try_elsewhere_first, bh_walls_and_bars,
          lab_entry_generic
Temple:   dshaligram_water_room_temple
Lair:1:   columned_hall_lemuel
Lair:2:   elwin_shoals_entry_rooms, guppyfry_snake_entry_island,
          serial_bayou_ford_a, nicolae_quartered_pool_medium,
          beast_lair_carwin_11
Lair:3:   hangedman_lair_unloving_vines, serial_bayou_shore_a
Lair:4:   st_stairs_5
Lair:5:   dpeg_slime_entry_corner
Lair:6:   gammafunk_lair_ancient_temple, enter_volcano_1, uniq_snorg
Snake:1:  nicolae_snake_squiggles, nicolae_snake_horde_hoard
Snake:2:  grunt_megastairs_3, uniq_aizul
Orc:1:    lemuel_ogre_cave, uniq_fannar
Orc:2:    grunt_orc_cross
Lab:      labyrinth_mini_lab
Sewer:    sewer_frog_island_02
Ossuary:  ossuary_tomb_3
Volcano:  volcano_aerie
